 Dungeon Crawl Stone Soup version 0.32-a0-694-g5251a91 (webtiles) character file.

Game seed: 11108607727779762347

125633 Toastz the Fighter (level 16, -26/107 HPs)
             Began as a Tengu Air Elementalist on Mar 12, 2024.
             Was a High Priest of Vehumet.
             Annihilated by Oragaho's ghost (34 damage)
             ... on level 3 of the Lair of Beasts.
             The game lasted 01:40:43 (27308 turns).

Toastz the Fighter (Tengu Air Elementalist)        Turns: 27308, Time: 01:40:43

Health: -26/107    AC: 12    Str: 16    XL:     16   Next: 96%
Magic:  39/43      EV: 26    Int: 27    God:    Vehumet [*****.]
Gold:   1972       SH:  6    Dex: 15    Spells: 2/41 levels left

rFire   . . .        d - staff of Duty {rC+ Str+4 Int+4 Conj}
rCold   + + .        R - +0 buckler {rC+}
rNeg    . . .        H - +0 troll leather armour
rPois   .            V - +2 hat
rElec   .            t - +2 cloak
rCorr   .            D - +2 pair of gloves {Str+3}
SInv    .            (boots unavailable)
Will    +....        x - amulet of magic regeneration
Stlth   ++           B - +5 ring of evasion
HPRegen 1.17/turn    F - ring of magical power
MPRegen 0.68/turn

%: acrobat
@: about to teleport, flying
A: beak, talons 3, evasive flight, acrobatic
a: Renounce Religion


You were on level 3 of the Lair of Beasts.
You worshipped Vehumet.
Vehumet was extremely pleased with you.
You visited 5 branches of the dungeon, and saw 25 of its levels.
You also visited: Bailey and Ice Cave.

You collected 3572 gold pieces.
You spent 1600 gold pieces at shops.

Inventory:

Hand Weapons
 W - the +7 dagger of the Swamp {drain, rC++ rN++ Dex-3}
   (You found it on level 1 of the Swamp)

   Dex-3:     It affects your dexterity (-3).
   rC++:      It greatly protects you from cold.
   rN++:      It greatly protects you from negative energy.
Missiles
 k - a throwing net
 I - 4 atropa-tipped darts
 J - 4 datura-tipped darts
Armour
 t - a +2 cloak (worn)
 D - a +2 pair of gloves of strength (worn)
 H - a +0 troll leather armour (worn)
 L - a +2 ring mail of fire resistance
 Q - a scarf of invisibility
 R - a +0 buckler of cold resistance (worn)
 V - a +2 hat (worn)
Magical Staves
 d - the staff of Duty (weapon) {rC+ Str+4 Int+4 Conj}
   (You found it on level 4 of the Lair of Beasts)

   [staff of conjuration]

   Base accuracy: +5 Base damage: 5 Base attack delay: 1.2 This weapon's minimum
   attack delay (0.6) is reached at skill level 12.
   Str+4:     It affects your strength (+4).
   Int+4:     It affects your intelligence (+4).
   rC+:       It protects you from cold.
   Conj:      It increases the power of your Conjurations spells.
   It falls into the 'Staves' category.
   It is a one-handed weapon.
Jewellery
 f - an amulet of regeneration
 o - a ring of positive energy
 x - an amulet of magic regeneration (around neck)
 y - a ring of protection from cold
 B - a +5 ring of evasion (left hand)
 F - a ring of magical power (right hand)
 P - a +5 ring of evasion
 Z - a ring of wizardry
Wands
 q - a wand of iceblast (12)
 u - a wand of charming (19)
 w - a wand of flame (30)
 C - a wand of acid (25)
Scrolls
 a - 8 scrolls of identify
 h - 4 scrolls of poison
 j - 8 scrolls of amnesia
 l - 11 scrolls of teleportation
 m - 3 scrolls of revelation
 r - 3 scrolls of vulnerability
 s - 2 scrolls of silence
 v - a scroll of butterflies
 A - a scroll of blinking
 E - 2 scrolls of fog
 M - a scroll of enchant armour
 N - 2 scrolls of immolation
 T - a scroll of fear
 U - a scroll of torment
Potions
 b - 5 potions of magic
 c - 6 potions of haste
 e - a potion of enlightenment
 g - 4 potions of lignification
 i - 9 potions of curing
 n - 4 potions of brilliance
 p - 2 potions of heal wounds
 z - 3 potions of mutation
 G - 2 potions of attraction
 K - a potion of invisibility
 O - a potion of ambrosia
 S - a potion of berserk rage {unknown}
 Y - 2 potions of might


   Skills:
 + Level 14.8 Fighting
 - Level 5.0 Armour
 - Level 12.0 Dodging
 - Level 2.0 Stealth
 + Level 6.5 Shields
 + Level 13.2 Spellcasting
 - Level 13.0 Conjurations
 - Level 9.0 Fire Magic
 - Level 6.0 Ice Magic
 + Level 12.1 Air Magic
 - Level 4.0 Earth Magic
 - Level 4.0 Alchemy


You had 2 spell levels left.
You knew the following spells:

 Your Spells              Type           Power      Damage    Failure   Level
a - Shock                 Conj/Air       100%       1d9       1%          1
b - Static Discharge      Conj/Air       100%       3-8/arc   1%          2
c - Swiftness             Air            70%        N/A       1%          3
d - Airstrike             Air            35%        2d(5-21)  1%          4
e - Mercury Vapours       Alch/Air       100%       N/A       1%          2
f - Fulminant Prism       Conj/Alch      38%        3d17      1%          4
g - Freezing Cloud        Conj/Ice/Air   42%        6-21      1%          5
h - Bombard               Conj/Erth      38%        9d7       6%          6
q - Plasma Beam           Fire/Air       33%        2x1d46    2%          6
w - Conjure Ball Lightni  Conj/Air       45%        3x3d16    1%          6

Your spell library contained the following spells:

 Spells                   Type           Power      Damage    Failure   Level
 Kiss of Death            Conj/Necr      100%       2d13      1%          1
 Ensorcelled Hibernation  Hex/Ice        68%        N/A       1%          2
 Momentum Strike          Conj/Tloc      100%       3d10      1%          2
 Blink                    Tloc           34%        N/A       7%          2
 Lesser Beckoning         Tloc           34%        N/A       7%          2
 Inner Flame              Hex/Fire       42%        N/A       1%          3
 Flame Wave               Conj/Fire      86%        2d18      1%          4
 Sticky Flame             Fire/Alch      52%        2d9       1%          4
 Arcjolt                  Conj/Air       45%        1d55      1%          5
 Irradiate                Conj/Alch      38%        3d24      1%          5
 Passwall                 Erth           39%        N/A       2%          3
 Vhi's Electric Charge    Tloc/Air       100%       N/A       3%          4
 Confusing Touch          Hex            17%        N/A       14%         3
 Fugue of the Fallen      Necr           17%        N/A       14%         3
 Alistair's Intoxication  Alch           26%        N/A       26%         5
 Eringya's Noxious Bog    Alch           19%        4d6       32%         6
 Anguish                  Hex/Necr       8%         N/A       43%         4
 Dispel Undead            Necr           17%        3d10      43%         4
 Borgnjor's Vile Clutch   Necr/Erth      14%        N/A       50%         5
 Ignition                 Fire           30%        3d10      86%         8


Dungeon Overview and Level Annotations

Branches:
Dungeon (15/15)            Temple (1/1) D:5            Lair (5/5) D:11
  Swamp (2/4) Lair:2        Snake (0/4) Lair:3        Slime (0/5) Lair:4
    Orc (2/2) D:10            Elf (0/3) Orc:2        Vaults (0/5) D:13
 Depths (0/4) D:15         Bailey (visited)           IceCv (visited)

Altars:
Ashenzari
Cheibriados
Dithmenos
Elyvilon
Fedhas
Gozag
Hepliaklqana
Kikubaaqudgha
Makhleb
Nemelex Xobeh
Okawaru
Qazlal
Ru
Sif Muna
Trog
Uskayaw
Vehumet
Wu Jian
Xom
Yredelemnul
Zin
The Shining One
Jiyva

Shops:
D:1 ??(   D:8 [?   D:14 (   D:15 *   Orc:2 [?![

Annotations:
D:5 2 transporters, Aorika's ghost, novice DECj
D:10 2 transporters, Guivuxu's ghost, journeyman MfMo
Lair:3 Oragaho's ghost, journeyman OnBe; Viprit's ghost, journeyman DECj; Zahoyc's ghost, journeyman DsEE
Lair:5 exclusion: obsidian statue


Innate Abilities, Weirdness & Mutations

You have a beak for a mouth.
You have claws for feet.
Your magical flight helps you evade attacks. (EV +4)
You can magically evade attacks while moving or waiting.


Message History

You feel a surge of power!
You create some ball lightning! 3 ball lightnings come into view.
Oragaho's ghost completely misses you.
Oragaho's ghost hits you but does no damage.
Your ball lightning explodes!
The blast of lightning engulfs Oragaho's ghost!!!
Oragaho's ghost is moderately damaged.
The blast of lightning engulfs you!!
The blast of lightning engulfs Oragaho's ghost!!
Oragaho's ghost is moderately damaged.
The blast of lightning engulfs your ball lightning.
Your ball lightning completely resists.
Your ball lightning explodes!
The blast of lightning engulfs your ball lightning.
Your ball lightning completely resists.
The blast of lightning engulfs you!!
The blast of lightning engulfs Oragaho's ghost!!
Oragaho's ghost is heavily damaged.
The blast of lightning engulfs Oragaho's ghost!!
Oragaho's ghost is heavily damaged.
The blast of lightning engulfs Viprit's ghost!!
Viprit's ghost is moderately damaged.
Oragaho's ghost attacks as it pursues you!
Oragaho's ghost hits you!
Your ball lightning explodes!
The blast of lightning engulfs you!!
* * * LOW HITPOINT WARNING * * *
The blast of lightning engulfs Oragaho's ghost!!
Oragaho's ghost is severely damaged.
The blast of lightning engulfs Oragaho's ghost!!!
Oragaho's ghost is severely damaged.
The blast of lightning engulfs Viprit's ghost!
Viprit's ghost is moderately damaged.
As you read the scroll of teleportation, it crumbles to dust.
You feel strangely unstable. Zahoyc's ghost casts a spell at you.
The blast of sand hits you.
* * * LOW HITPOINT WARNING * * *
Oragaho's ghost hits you!!
You die...

....##########....#######...#
.....#...####.....#######..##
.....##....###....##.......##
.....##....P#.....##...#....#
.....###..###...>..#...##...#
.....####.###....÷.#....#..##
.......#.'.#.#...÷##.#÷#....#
.................§..........#
...............W@...........#
....>..........W.W.........P#
....[......####'''####.....##
÷..........#!...W....#.....#
...........#ß.......ß#.....#
...........#$.......|#.....##
...##..#####=........#.#....#
..####.##.###ß.....ß##.#.#.##
............##|.⌠.!##...##..#


You could see 2 ghosts called Oragaho, Viprit's ghost and Zahoyc's ghost.

Vanquished Creatures
  Kirke (Lair:5)
  A very ugly thing (D:15)
  3 ghouls (Swamp:1)
  A reaper (IceCv)
  Nessos (Lair:4)
  A bunyip (Swamp:1)
  2 dire elephants (Lair:5)
  Josephine (D:10)
  A great orb of eyes (D:15)
  3 rakshasas
  6 alligators
  A ghost crab (Swamp:1)
  5 hydras
  A centaur warrior (D:14)
  6 two-headed ogres
  A boulder beetle (D:15)
  A death knight (D:15)
  A tengu warrior (D:14)
  A spectral dire elephant (Lair:5)
  7 death yaks
  Sonja (Lair:2)
  3 orc high priests (Orc:2)
  9 spriggans
  3 skysharks
  2 spectral death yaks (Lair:5)
  3 goliath frogs
  A spriggan druid (Swamp:1)
  A mana viper (shapeshifter) (D:15)
  A spectral anaconda (Lair:5)
  7 bog bodies (Swamp:1)
  An arcanist (D:15)
  An orc knight (Orc:1)
  3 deep elf zephyrmancers (D:13)
  A lindwurm (Lair:4)
  A deep elf pyromancer (D:11)
  3 necromancers (Lair:5)
  12 ugly things
  4 orc sorcerers (Orc:2)
  4 manticores
  2 will-o-the-wisps
  A wolf spider (D:12)
  A moth of wrath (shapeshifter) (D:15)
  4 cyclopes
  2 kobold blastminers (Orc:1)
  4 black mambas
  9 meliai
  2 gargoyles
  2 ice statues (IceCv)
  16 elephants
  9 spectral spriggans (Swamp:1)
  2 torpor snails
  A dire elephant skeleton (Lair:5)
  9 cane toads
  6 rime drakes
  An unseen horror (D:8)
  14 komodo dragons
  A tengu conjurer (D:15)
  5 ice devils (IceCv)
  3 freezing wraiths
  6 trolls
  2 bloated husks (Swamp:1)
  A polar bear (shapeshifter) (D:14)
  A wolf spider simulacrum (D:11)
  8 hornets
  4 polar bears
  3 tyrant leeches (Swamp:1)
  29 blink frogs
  9 dream sheep
  25 slime creatures
  Sigmund (D:2)
  2 shadows
  A dire elephant simulacrum (IceCv)
  3 hogs (Lair:5)
  27 yaks
  9 basilisks
  6 wraiths
  6 wyverns
  4 steam dragons
  5 wargs
  11 vampire mosquitoes
  3 acid dragons
  2 death yak simulacra (IceCv)
  A swamp worm (Swamp:1)
  A harpy simulacrum (IceCv)
  26 water moccasins
  3 swamp drakes
  25 orc warriors
  9 ice beasts
  A sky beast (D:7)
  2 black bears
  2 elephant zombies (Lair:5)
  4 ogres
  24 wolves
  An elephant skeleton (Lair:5)
  A phantom (D:5)
  7 kobold brigands
  12 bullfrogs
  3 cane toad simulacra
  2 scorpions
  2 two-headed ogre simulacra (IceCv)
  5 wights
  13 killer bees
  An elephant simulacrum (IceCv)
  2 electric eels (Lair:5)
  3 howler monkeys (D:9)
  3 jellies (Lair:4)
  A lava snake (D:15)
  3 hounds
  26 orc priests
  2 sleepcaps (D:6)
  43 orc wizards
  5 iguanas
  3 spriggan simulacra (IceCv)
  4 troll simulacra (IceCv)
  A polar bear simulacrum (IceCv)
  A wolf simulacrum (IceCv)
  6 adders
  12 gnolls
  A naga simulacrum (IceCv)
  A shadow imp (D:6)
  5 white imps
  4 ufetubi
  2 dart slugs
  A ribbon worm (D:2)
  84 orcs
  7 bats
  6 endoplasms
  5 giant cockroaches
  4 goblins
  5 hobgoblins
  2 jackals (D:1)
  26 kobolds
  6 quokkas
  4 ball pythons
  3 frilled lizards
  7 rats
801 creatures vanquished.

Vanquished Creatures (others)
  A human (Lair:5)
  An ufetubus (IceCv)
  4 ball lightnings
  4 foxfires (Swamp:1)
  63 fulminant prisms
73 creatures vanquished.

Grand Total: 874 creatures vanquished

Notes
Turn   | Place    | Note
-------+----------+-------------------------------------------
     0 | D:1      | Toastz the Tengu Air Elementalist began the quest for the
                  | Orb.
     0 | D:1      | Reached XP level 1. HP: 10/10 MP: 4/4
   102 | D:1      | Reached XP level 2. HP: 16/16 MP: 0/6
   637 | D:1      | Reached XP level 3. HP: 20/20 MP: 1/7
   739 | D:1      | Found Anah Syg's Magic Scroll Boutique.
   756 | D:1      | Bought a scroll of identify for 22 gold pieces
   769 | D:1      | Found Vixeokhly's Magic Scroll Shoppe.
   842 | D:1      | Found Doaxtey's Antique Weapon Shop.
   907 | D:1      | Reached skill level 1 in Fighting
  1267 | D:2      | Learned a level 2 spell: Static Discharge
  1271 | D:2      | Learned a level 3 spell: Swiftness
  1439 | D:2      | Noticed Sigmund
  1453 | D:2      | Killed Sigmund
  1454 | D:2      | Reached skill level 2 in Fighting
  1454 | D:2      | Reached skill level 5 in Air Magic
  1454 | D:2      | Reached XP level 4. HP: 8/26 MP: 0/9
  1454 | D:2      | Reached XP level 5. HP: 10/30 MP: 0/10
  1454 | D:2      | Reached XP level 6. HP: 11/35 MP: 0/11
  1595 | D:2      | Identified the +2 hand axe "Ades" {flame, Stlth+}
  2178 | D:3      | Learned a level 4 spell: Airstrike
  2422 | D:3      | Found a shimmering altar of Xom.
  2750 | D:3      | Found a basalt altar of Yredelemnul.
  2783 | D:3      | Found a faded altar of an unknown god.
  3136 | D:4      | Found an opulent altar of Gozag.
  3187 | D:4      | Found a hazy altar of Hepliaklqana.
  3775 | D:5      | Entered Level 5 of the Dungeon
  3778 | D:5      | Gained mutation: Your magical flight helps you evade
                  | attacks. (EV +4) [Tengu growth]
  3778 | D:5      | Reached XP level 7. HP: 30/40 MP: 8/13
  3780 | D:5      | Reached skill level 3 in Fighting
  3874 | D:5      | Found a transporter.
  4035 | D:5      | Found a staircase to the Ecumenical Temple.
  4190 | Temple   | Entered the Ecumenical Temple
  4212 | Temple   | Became a worshipper of Vehumet
  4399 | D:5      | Reached skill level 5 in Conjurations
  4694 | D:5      | Noticed Aorika's ghost (novice DECj)
  4830 | D:5      | Found a transporter.
  4850 | D:6      | Found a transporter.
  5176 | D:6      | Found a white marble altar of Elyvilon.
  5177 | D:6      | Found a transporter.
  5397 | D:6      | Reached XP level 8. HP: 40/48 MP: 8/15
  5407 | D:6      | Reached skill level 4 in Fighting
  5778 | D:6      | Noticed a wyvern
  5807 | D:6      | Killed a wyvern
  6364 | D:7      | Reached skill level 5 in Spellcasting
  6370 | D:7      | Reached skill level 1 in Armour
  6373 | D:7      | Reached skill level 5 in Fighting
  6419 | D:7      | Reached * piety under Vehumet
  6419 | D:7      | Offered knowledge of Freeze by Vehumet.
  6569 | D:7      | Found the +7 staff of the Meek {protect, meekguard}
  6640 | D:7      | Reached XP level 9. HP: 54/54 MP: 0/17
  6793 | D:7      | Reached skill level 1 in Shields
  7861 | D:8      | Killed an unseen horror
  7862 | D:8      | Reached skill level 6 in Fighting
  8075 | D:8      | Found Fuesk's Magic Scroll Shop.
  8083 | D:8      | Bought a scroll of enchant armour for 90 gold pieces
  8083 | D:8      | Bought a scroll of identify for 24 gold pieces
  8083 | D:8      | Bought a scroll of teleportation for 36 gold pieces
  8528 | D:8      | Reached XP level 10. HP: 43/61 MP: 8/20
  8681 | D:8      | Offered knowledge of Scorch by Vehumet.
  8834 | D:8      | Found Xoetzotu's Antique Armour Shop.
  9156 | D:8      | Reached skill level 10 in Air Magic
  9254 | D:8      | Reached skill level 7 in Fighting
  9436 | D:9      | Reached ** piety under Vehumet
  9440 | D:9      | Reached skill level 5 in Shields
  9504 | D:9      | Reached skill level 8 in Fighting
  9529 | D:9      | Identified the +0 pair of gloves of Guupeof {Dex+3}
  9825 | D:9      | Reached skill level 9 in Fighting
  9851 | D:9      | Found a flagged portal.
  9860 | Bailey   | Entered a bailey
  9923 | Bailey   | Offered knowledge of Mercury Vapours by Vehumet.
  9924 | Bailey   | Reached XP level 11. HP: 71/71 MP: 11/22
  9927 | Bailey   | Learned a level 2 spell: Mercury Vapours
 10014 | Bailey   | Reached skill level 1 in Alchemy
 10029 | Bailey   | Found an iron altar of Okawaru.
 10035 | Bailey   | Identified the +0 scale mail "Xyifef" {+Blink Int+3 SInv
                  | Stlth+}
 10337 | D:9      | Found an iron altar of Okawaru.
 10378 | D:9      | Reached *** piety under Vehumet
 10690 | D:10     | Entered Level 10 of the Dungeon
 10690 | D:10     | Noticed Josephine
 10773 | D:10     | Reached skill level 10 in Fighting
 10819 | D:10     | Reached skill level 5 in Dodging
 11008 | D:10     | Noticed a two-headed ogre
 11047 | D:10     | Found a staircase to the Orcish Mines.
 11058 | D:10     | Found a transporter.
 11068 | D:10     | Noticed a moth of wrath
 11092 | D:10     | Found a bloodstained altar of Trog.
 11173 | D:10     | Offered knowledge of Fulminant Prism by Vehumet.
 11182 | D:10     | Learned a level 4 spell: Fulminant Prism
 11209 | D:10     | Found a shimmering blue altar of Sif Muna.
 11217 | D:10     | Found a burning altar of Makhleb.
 11222 | D:10     | Found an ornate altar of the Wu Jian Council.
 11229 | D:10     | Found a sacrificial altar of Ru.
 11234 | D:10     | Found a hide-covered altar of Uskayaw.
 11241 | D:10     | Found a shadowy altar of Dithmenos.
 11246 | D:10     | Found an ancient bone altar of Kikubaaqudgha.
 11329 | D:10     | Found a transporter.
 11332 | D:10     | Noticed Guivuxu's ghost (journeyman MfMo)
 11359 | D:10     | Killed a two-headed ogre
 11405 | D:10     | Found a blossoming altar of Fedhas.
 11446 | D:10     | Noticed a seven-headed hydra
 11495 | D:10     | Killed Josephine
 12351 | D:11     | Reached XP level 12. HP: 77/77 MP: 25/25
 12369 | D:11     | Found a staircase to the Lair.
 12530 | D:11     | Noticed a two-headed ogre
 12560 | D:11     | Killed a two-headed ogre
 12593 | D:11     | Noticed a rakshasa
 12629 | D:11     | Killed a rakshasa
 12905 | Lair:1   | Entered Level 1 of the Lair of Beasts
 12979 | Lair:1   | Reached skill level 10 in Conjurations
 12983 | Lair:1   | Reached **** piety under Vehumet
 13364 | Lair:1   | Offered knowledge of Freezing Cloud by Vehumet.
 13377 | Lair:1   | Learned a level 5 spell: Freezing Cloud
 13475 | Lair:1   | Reached skill level 10 in Dodging
 13627 | Lair:2   | Found a staircase to the Swamp.
 13643 | Lair:2   | Reached skill level 1 in Ice Magic
 13714 | Lair:2   | Noticed a death yak
 13715 | Lair:2   | Noticed a death yak
 13715 | Lair:2   | Noticed a death yak
 13716 | Lair:2   | Noticed a death yak
 13716 | Lair:2   | Noticed a death yak
 13726 | Lair:2   | Noticed a death yak
 13798 | Lair:2   | Found a frozen archway.
 13837 | IceCv    | Entered an ice cave
 14357 | IceCv    | Noticed a reaper
 14396 | IceCv    | Reached skill level 11 in Fighting
 14398 | IceCv    | Killed a reaper
 14399 | IceCv    | Reached XP level 13. HP: 82/84 MP: 11/26
 14597 | Lair:2   | Reached ***** piety under Vehumet
 14649 | Lair:2   | Offered knowledge of Bombard by Vehumet.
 14650 | Lair:2   | Reached skill level 12 in Fighting
 14666 | Lair:2   | Learned a level 6 spell: Bombard
 14789 | Lair:2   | Noticed Sonja
 14814 | Lair:2   | Killed Sonja
 14825 | Lair:2   | Reached skill level 13 in Fighting
 14829 | Lair:2   | Reached skill level 1 in Earth Magic
 15044 | Lair:2   | Reached skill level 5 in Ice Magic
 15976 | Lair:3   | Reached XP level 14. HP: 94/94 MP: 25/27
 16121 | Lair:3   | Found a runed translucent gate.
 16121 | Lair:3   | Found a runed translucent gate.
 16121 | Lair:3   | Found a runed translucent gate.
 16170 | Lair:3   | Noticed Zahoyc's ghost (journeyman DsEE)
 16171 | Lair:3   | Noticed Viprit's ghost (journeyman DECj)
 16171 | Lair:3   | Noticed Oragaho's ghost (journeyman OnBe)
 16171 | Lair:3   | Noticed Oragaho's ghost (journeyman OnBe)
 16295 | Lair:3   | Found a staircase to the Snake Pit.
 16324 | Lair:3   | Offered knowledge of Permafrost Eruption by Vehumet.
 16808 | Lair:4   | Found a runed translucent door.
 16857 | Lair:4   | Found a viscous altar of Jiyva.
 16958 | Lair:4   | Reached skill level 5 in Armour
 17135 | Lair:4   | Noticed Nessos
 17146 | Lair:4   | Killed Nessos
 17586 | Lair:4   | Found a staircase to the Slime Pits.
 17697 | Lair:4   | Identified the staff of Duty {rC+ Str+4 Int+4 Conj}
 17750 | Lair:5   | Entered Level 5 of the Lair of Beasts
 18197 | Lair:5   | Noticed Kirke
 18205 | Lair:5   | Killed Kirke
 18423 | Lair:5   | Noticed a dire elephant
 18424 | Lair:5   | Noticed a dire elephant
 18717 | Lair:5   | Reached skill level 10 in Spellcasting
 18945 | Lair:5   | Reached XP level 15. HP: 96/98 MP: 30/30
 19216 | Lair:5   | HP: 2/98 [dire elephant (27)]
 19472 | Lair:5   | Offered knowledge of Lee's Rapid Deconstruction by Vehumet.
 19971 | D:1      | Bought a scroll of acquirement for 572 gold pieces
 19972 | D:1      | Acquired 589 gold pieces
 20159 | D:8      | Bought a scroll of acquirement for 624 gold pieces
 20159 | D:8      | Acquired 953 gold pieces
 20243 | Orc:1    | Entered Level 1 of the Orcish Mines
 20593 | Orc:2    | Entered Level 2 of the Orcish Mines
 20810 | Orc:2    | Found a radiant altar of Vehumet.
 20823 | Orc:2    | Learned a level 6 spell: Plasma Beam
 20951 | Orc:2    | Reached skill level 1 in Fire Magic
 21045 | Orc:2    | Offered knowledge of Starburst by Vehumet.
 21067 | Orc:2    | Paralysed by an orc sorcerer for 3 turns
 21296 | Orc:2    | Found a staircase to the Elven Halls.
 21363 | Orc:2    | Found Quocw's Antique Armour Emporium.
 21363 | Orc:2    | Found Gaconec's Distillery.
 21364 | Orc:2    | Found Xulec's Armour Shoppe.
 21368 | Orc:2    | Found Izuug's Magic Scroll Emporium.
 21371 | Orc:2    | Bought a runed hat for 175 gold pieces
 22721 | D:13     | Reached skill level 5 in Fire Magic
 23064 | D:13     | Found a gate to the Vaults.
 23495 | D:14     | Found a broken altar of Ashenzari.
 23591 | D:14     | Offered knowledge of Ozocubu's Refrigeration by Vehumet.
 24015 | D:14     | Reached XP level 16. HP: 105/105 MP: 15/33
 24337 | D:14     | Found Afues's Weapon Shoppe.
 24435 | D:15     | Entered Level 15 of the Dungeon
 24602 | D:15     | Reached skill level 14 in Fighting
 24847 | D:15     | Found a staircase to the Depths.
 25144 | D:15     | Found Otida's Assorted Antiques.
 25152 | D:15     | Bought a scroll of teleportation for 57 gold pieces
 25444 | D:15     | Upgraded the game from 0.32-a0-687-g804251a to
                  | 0.32-a0-694-g5251a91
 25619 | Swamp:1  | Entered Level 1 of the Swamp
 25902 | Swamp:1  | Offered knowledge of Conjure Ball Lightning by Vehumet.
 25938 | Lair:2   | Learned a level 6 spell: Conjure Ball Lightning
 26149 | Swamp:1  | Identified the +7 dagger of the Swamp {drain, rC++ rN++
                  | Dex-3}
 27308 | Lair:3   | Annihilated by Oragaho's ghost

Illustrated notes

Levels and vault maps discovered:
D:1:      minmay_arrival_solitary_statue, layout_basic, serial_shops, shop,
          nicolae_shop_crystal, shop, serial_rivers,
          chequers_serial_rivers_room_b, chequers_serial_rivers_room_b,
          chequers_serial_rivers_room_b, chequers_serial_rivers_small_3,
          chequers_serial_rivers_marsh, chequers_serial_rivers_small_a,
          dk_noncrumbling_3
D:2:      layout_basic, chequers_serial_rivers_micro_a, uniq_sigmund
D:3:      layout_loops_ring, yredelemnul_altar_generic,
          mainiacjoe_overflow_24_doors, ebering_ecumenical_altar_petrified
D:4:      layout_cave_pools, nicolae_hepliaklqana_hazy_memory,
          grunt_gozag_breadcrumbs, minmay_misc_feat_more_columns
D:5:      layout_basic, temple_statues, gammafunk_ghost_smash,
          nicolae_concentric_dashed_squares_wild, lemuel_flamethrower_1
D:6:      layout_basic, elyvilon_altar_4
D:7:      layout_basic, minmay_misc_feat_four_crosses,
          minmay_fractal_squares_diagonal_5
D:8:      layout_cave_pods, serial_shops, shop_fountains,
          nicolae_shop_temple_entry_statues_fountains
D:9:      layout_stronghold, lemuel_doored_altar, enter_bailey_8
D:10:     layout_big_octagon, trog_ov_bears_minmay,
          grunt_temple_overflow_octagram, kennysheep_mini, orc_0_dummy,
          gammafunk_ghost_berserking_beasts, evilmike_butchery, uniq_josephine
D:11:     layout_basic, hellmonk_lair_entry_icy
D:12:     layout_irregular_city, minmay_misc_feat_room
D:13:     layout_basic, david_vaults_1
D:14:     layout_roguey, cheibrodos_ashenzari_chains, serial_shops,
          kennysheep_little_box, st_stairs_5, nicolae_fountain_basement
D:15:     gammafunk_enter_depths_forms, layout_basic, roderic_roman_lattice,
          serial_shops, shop, nicolae_lava_and_water, nicolae_two_hexagons
Temple:   nicolae_temple_ecumenical_triangle
Lair:1:   layout_roguey, serial_bayou_crossing
Lair:2:   wander_river, layout_chaotic_city, minmay_swamp_entry_swarm,
          portal_ice_cave_rime, eino_small_chamber_without_monster,
          minmay_hedge_maze, uniq_sonja
Lair:3:   layout_regular_city, minmay_snake_entry_six_corridors,
          gammafunk_ghost_cemetery, nicolae_lair_lil_pond
Lair:4:   layout_roguey, slime_entry_2, pf_torpor_hydra, lemuel_fruit_fields,
          grunt_megastairs_5, uniq_nessos
Lair:5:   due_jungle_book, layout_gridlike, serial_bayou_shore_b, uniq_kirke
Swamp:1:  nicolae_swamp_flooded_prison, layout_basic_swamp,
          evilmike_swamp_ruin_house_1
Swamp:2:  layout_basic_swamp, hangedman_swamp_blocks, uniq_roxanne
Orc:1:    layout_caves
Orc:2:    st_orc_mages, layout_diamond_mine, basic_altar

Skill      XL: |  1  2  3  4  5  6  7  8  9 10 11 12 13 14 15 16 |
---------------+-------------------------------------------------+-----
Conjurations   | 2 3 4 5 7 8 10 12 13 | 13.0
Fighting       | 2 3 5 6 9 10 11 13 14 | 14.8
Dodging        | 3 4 7 10 11 12 | 12.0
Spellcasting   | 3 4 5 6 7 8 10 12 13 | 13.2
Air Magic      | 5 6 8 9 10 11 12 | 12.1
Armour         | 1 3 4 5 |  5.0
Shields        | 3 5 6 |  6.5
Alchemy        | 4 |  4.0
Ice Magic      | 4 6 |  6.0
Earth Magic    | 3 4 |  4.0
Fire Magic     | 7 9 |  9.0
Stealth        | |  2.0

Action                     |  1- 3 |  4- 6 |  7- 9 | 10-12 | 13-15 | 16-18 || total
---------------------------+-------+-------+-------+-------+-------+-------++-------
  Melee: Unarmed           |     2 |       |       |       |       |       ||     2
         Dagger            |     7 |     9 |    23 |       |       |       ||    39
         Kick              |     1 |     1 |     6 |    26 |    63 |     5 ||   102
         Peck              |       |     4 |     5 |    19 |    30 |       ||    58
         Staff             |       |       |     6 |    61 |   114 |     6 ||   187
   Cast: Shock             |    59 |    68 |   143 |   124 |    28 |       ||   422
         Static Discharge  |     1 |     6 |    42 |   168 |   196 |    16 ||   429
         Airstrike         |       |       |    25 |   122 |   197 |    32 ||   376
         Swiftness         |       |       |     1 |     5 |     1 |       ||     7
         Fulminant Prism   |       |       |       |    47 |    16 |       ||    63
         Mercury Vapours   |       |       |       |     4 |       |       ||     4
         Freezing Cloud    |       |       |       |     3 |   111 |    12 ||   126
         Bombard           |       |       |       |       |    15 |       ||    15
         Plasma Beam       |       |       |       |       |    66 |   133 ||   199
         Conjure Ball Ligh |       |       |       |       |       |     2 ||     2
  Evoke: Wand              |       |       |     1 |     1 |       |       ||     2
    Use: Scroll            |     2 |     2 |     6 |     8 |    13 |     2 ||    33
         Potion            |       |       |       |     1 |     3 |       ||     4
 Armour: Robe              |    19 |    15 |    54 |       |       |       ||    88
         Leather armour    |       |       |    29 |    16 |       |       ||    45
         Steam dragon scal |       |       |       |    97 |       |       ||    97
         Troll leather arm |       |       |       |   265 |   529 |    92 ||   886
  Dodge: Dodged            |    21 |    11 |   107 |   360 |   414 |    78 ||   991
  Block: Buckler           |       |       |    10 |    80 |   115 |    17 ||   222

Table legend: (Time is in decaauts)
 A = Elapsed time spent in this place.
 B = Non-inter-level travel time spent in this place.
 C = Inter-level travel time spent in this place.
 D = Time resting spent in this place.
 E = Time spent auto-exploring this place.
 F = Levels seen in this place.
 G = Mean time per level.
                   A        B        C        D        E       F      G
               +--------+--------+--------+--------+--------+-----+--------+
         Total |  27410 |  25595 |   1815 |   5636 |  14955 |  27 | 1015.2 |
       Dungeon |  16925 |  15597 |   1328 |   3551 |   9713 |  15 | 1128.3 |
        Temple |     27 |     27 |      0 |      0 |      0 |   1 |   27.0 |
          Lair |   6482 |   6113 |    369 |   1311 |   3416 |   5 | 1296.4 |
         Swamp |   1382 |   1339 |     43 |    378 |    644 |   2 |  691.0 |
  Orcish Mines |   1649 |   1576 |     73 |    147 |   1024 |   2 |  824.5 |
        Bailey |    229 |    229 |      0 |     38 |     76 |   1 |  229.0 |
      Ice Cave |    715 |    715 |      0 |    211 |     82 |   1 |  715.0 |
               +--------+--------+--------+--------+--------+-----+--------+

Top non-repeatable levels by time:
  Lair:5: 1922 daAuts
     D:8: 1753 daAuts
  Lair:2: 1535 daAuts
     D:7: 1486 daAuts
     D:6: 1443 daAuts
 Swamp:1: 1363 daAuts
    D:11: 1359 daAuts
     D:1: 1265 daAuts
     D:5: 1205 daAuts
  Lair:3: 1168 daAuts
   Orc:2: 1117 daAuts
     D:9: 1106 daAuts
    D:15: 1058 daAuts
     D:2: 1055 daAuts
  Lair:4: 1013 daAuts
